 Dungeon Crawl Stone Soup version 0.20.0-15-g7f486f2 (webtiles) character file.

689629 mike2R the Slayer (level 27, -12/243 HPs)
             Began as a Minotaur Fighter on June 13, 2017.
             Was the Champion of Okawaru.
             Mangled by Plog the pandemonium lord (30 damage)
             ... on level 5 of the Realm of Zot on June 17, 2017.
             The game lasted 11:29:03 (76297 turns).

mike2R the Slayer (Minotaur Fighter)               Turns: 76297, Time: 11:29:04

Health: -12/243    AC: 37    Str: 21    XL:     27
Magic:  23/26      EV: 15    Int: 12    God:    Okawaru [******]
Gold:   3524       SH:  0    Dex: 24    Spells: 2/30 levels left

rFire    + + +     SeeInvis .   a - +11 great mace "Dethih" {crush, rN+}
rCold    + . .     Gourm    .   (shield currently unavailable)
rNeg     + . .     Faith    .   Z - +3 crystal plate armour
rPois    +         Spirit   .   F - +2 hat {Int+3}
rElec    +         Reflect  .   J - scarf {repulsion}
rCorr    +         Harm     .   X - +2 pair of gloves "Imuib" {rF+ rCorr}
MR       ++++.                  r - +2 pair of boots {run}
Stlth    ..........             H - amulet of Jeluh {rElec rPois Regen+ Str-2 Dex+4}
Regen    0.9/turn               W - ring of the Mage {Wiz MR++ Int+3}
MPRegen  0.2/turn               K - ring of protection from cold

@: slowed, repel missiles, very slow
A: retaliatory headbutt, horns 2, talons 1, repulsion field 1, agile 1, blurry
vision 1, fire resistance 2, frail 1, low mp 2, weak 1, sturdy frame 1
0: Orb of Zot
}: 3/15 runes: barnacled, silver, gossamer
a: Heroism, Finesse, Renounce Religion


You were on level 5 of the Realm of Zot.
You worshipped Okawaru.
Okawaru was exalted by your worship.
You were hungry.

You visited 11 branches of the dungeon, and saw 53 of its levels.

You collected 7818 gold pieces.
You spent 4294 gold pieces at shops.

Inventory:

Hand Weapons
 a - the +11 great mace "Dethih" (weapon) {crush, rN+}
   (You acquired it on level 13 of the Dungeon)

   It inflicts extra damage upon your enemies.
   It protects you from negative energy.
 b - the +5 longbow "Gaonir" {speed, rElec Str+4 Stlth-}
   (You found it on level 2 of the Depths)

   Attacks with this weapon are significantly faster.
   It affects your strength (+4).
   It insulates you from electricity.
   It makes you less stealthy.
 c - the +7 great mace "Undeadhunter" {disrupt, rN+}
   (You found it on level 3 of the Elven Halls)

   It protects you from negative energy.
Missiles
 p - 1039 arrows
Armour
 r - a +2 pair of boots of running (worn)
 F - a +2 hat of intelligence (worn)
 J - a scarf of repulsion (worn)
 X - the +2 pair of gloves "Imuib" (worn) {rF+ rCorr}
   (You found it on level 3 of the Elven Halls)

   It protects you from fire.
   It protects you from acid and corrosion.
 Z - a +3 crystal plate armour (worn)
Jewellery
 H - the amulet of Jeluh (around neck) {rElec rPois Regen+ Str-2 Dex+4}
   (You bought it in a shop on level 2 of the Orcish Mines)

   [amulet of regeneration]

   It affects your strength (-2).
   It affects your dexterity (+4).
   It insulates you from electricity.
   It protects you from poison.
   It increases your rate of regeneration.
 K - a ring of protection from cold (right hand)
 W - the ring of the Mage (left hand) {Wiz MR++ Int+3}
   (You bought it in a shop on level 2 of the Elven Halls)

   [ring of wizardry]

   It improves your spell success rate.
   It affects your intelligence (+3).
   It affects your resistance to hostile enchantments.
 Y - an uncursed ring of see invisible
Wands
 f - a wand of disintegration (6/24)
 q - a wand of lightning (3/15)
 y - a wand of disintegration (6/24)
 E - a wand of scattershot (1/9)
 I - a wand of acid (2/15)
 Q - a wand of iceblast (2/15)
 V - a wand of acid (4/15)
Scrolls
 g - 3 scrolls of silence
 h - a scroll of remove curse
 o - a scroll of magic mapping
 t - a scroll of holy word
 u - 11 scrolls of teleportation
 v - 3 scrolls of blinking
 A - 2 scrolls of summoning
 P - 9 scrolls of fog
Potions
 d - 2 potions of might
 e - 20 potions of curing
 j - 7 potions of brilliance
 l - a potion of agility
 m - 2 potions of magic
 w - 8 potions of mutation
 x - a potion of heal wounds
 B - 7 potions of haste
 D - 3 potions of invisibility
 L - 6 potions of berserk rage
 R - 4 potions of resistance
 T - 2 potions of cancellation
Books
 z - a book of Callings

   Spells                             Type                      Level
   a - Summon Small Mammal            Summoning                    1
   b - Call Imp                       Summoning                    2
   c - Call Canine Familiar           Summoning                    3
   d - Summon Guardian Golem          Hexes/Summoning              3
   e - Summon Lightning Spire         Summoning/Air                4
   f - Summon Ice Beast               Ice/Summoning                4
Miscellaneous
 k - a phial of floods
 n - a phial of floods
 C - a lamp of fire
 G - a phial of floods
 M - a fan of gales
 N - a box of beasts
 O - a lightning rod (4/4)
 U - a sack of spiders
Comestibles
 s - 24 meat rations


   Skills:
 - Level 26.8 Fighting
 - Level 21.0 Maces & Flails
 - Level 21.0 Bows
 - Level 17.2 Armour
 - Level 12.4 Dodging
 - Level 5.4 Stealth
   Level 3.8 Shields
 - Level 2.2 Spellcasting
 - Level 15.4 Summonings
 - Level 13.2 Translocations
 - Level 13.5 Invocations
 + Level 15.9 Evocations


You had 2 spell levels left.
You knew the following spells:

 Your Spells              Type           Power        Failure   Level  Hunger
a - Summon Butterflies    Summ           #####...     1%          1    ##.....
b - Apportation           Tloc           ####..       1%          1    ##.....
c - Lesser Beckoning      Tloc           ####......   2%          3    ####...
d - Summon Demon          Summ           #####.....   10%         5    ######.
e - Blink                 Tloc           N/A          1%          2    ###....
f - Teleport Other        Tloc           ####....     2%          3    ####...
g - Summon Guardian Gole  Hex/Summ       ###.....     26%         3    ####...
h - Aura of Abjuration    Summ           #####.....   10%         5    ######.
i - Summon Forest         Summ/Tloc      #####.....   16%         5    ######.


Dungeon Overview and Level Annotations

Branches:
Dungeon (15/15)            Temple (1/1) D:5            Lair (6/6) D:11
 Shoals (4/4) Lair:2       Spider (4/4) Lair:2        Slime (0/5) Lair:6
    Orc (2/2) D:11            Elf (3/3) Orc:2        Vaults (5/5) D:13
  Crypt (3/3) Vaults:3       Tomb (0/3) Crypt:3      Depths (5/5) D:15
    Zot (5/5) Depths:5

Altars:
Ashenzari
Cheibriados
Dithmenos
Elyvilon
Fedhas
Gozag
Hepliaklqana
Kikubaaqudgha
Makhleb
Nemelex Xobeh
Okawaru
Qazlal
Ru
Sif Muna
Trog
Uskayaw
Vehumet
Xom
Yredelemnul
Zin
The Shining One
Beogh
Lugonu

Shops:
D:6 }   D:9 (   D:13 ?[?[*   Orc:2 %[=*   Elf:2 =   Shoals:3 =%?=   Vaults:2 !
Vaults:3 [

Portals:
Hell: Depths:1 Depths:2 Depths:3 Depths:4 Depths:5
Abyss: Depths:1 Depths:3 Depths:4
Pandemonium: Depths:3
Ziggurat: Depths:1

Annotations:
Shoals:4 Ilsuiw


Innate Abilities, Weirdness & Mutations

You reflexively headbutt those who attack you in melee.
You have a pair of horns on your head.
You have sharp toenails.
You are surrounded by a mild repulsion field. (EV +2)
You are agile. (Dex +2)
Scrolls take you a little longer to read.
Your flesh is very heat resistant. (rF++)
You are frail. (-10% HP)
Your magical capacity is very low. (-20% MP)
You are weak. (Str -2)
Your movements are slightly less encumbered by armour. (ER -2)


Message History

You hear a distant "Zot"!
Plog hits you!
* * * LOW HITPOINT WARNING * * *
Plog hits you!
* * * LOW HITPOINT WARNING * * *
Casting: Blink
Confirm with . or Enter, or press ? or * to list all spells.
You blink.
The death cob hits you!
* * * LOW HITPOINT WARNING * * *
The death cob drains your vigour!
You feel as though you will be slow longer.
The death cob hits you but does no damage.
Plog hits you but does no damage. The death cob hits you.
* * * LOW HITPOINT WARNING * * *
The death cob drains your vigour!
You feel as though you will be slow longer.
Plog closely misses you. The death cob hits you.
* * * LOW HITPOINT WARNING * * *
Plog hits you!!
You die...

# ### #.≈##≈.##..#
###.###.≈##≈.'...#
'.....'.≈##≈.##.##
#######3≈≈≈≈.##.#
# #.DX.L.##.# #
#.^....##.#
#...DL.##§# #
#....4D##&## #
#...3DL11z@# #
#......######### #
#......#.......#
##
#......#.8.8.8.#
.#
#......#.....†.#
.#
#.............<#
.#
#......#.....).#
.#
#......#.8.8.8.#
.#
#......#.......#


You could see Plog, a golden dragon, a Tzitzimitl, a death cob, a quicksilver
dragon, a lich, an Executioner, a soul eater and a rust devil.

Vanquished Creatures
  3 ancient liches
  Mara (Depths:1)
  Mennas (Vaults:5)
  3 orbs of fire
  3 juggernauts
  5 Killer Klowns
  A caustic shrike (Depths:4)
  2 curse toes (Zot:2)
  10 golden dragons
  Nikola (Spider:1)
  2 bone dragons
  A profane servitor (Crypt:3)
  Arachne (Spider:4)
  Jory (Vaults:2)
  3 electric golems (Zot:5)
  Rupert (Lair:2)
  20 Orb Guardians (Zot:5)
  11 tentacled monstrosities
  6 quicksilver dragons
  6 acid blobs (Zot:2)
  6 liches
  5 titans
  A deep elf master archer (Elf:3)
  Polyphemus (Shoals:2)
  5 death cobs
  A sphinx (shapeshifter) (Vaults:5)
  Gastronok (D:11)
  3 ancient champions
  6 tengu reavers
  4 revenants
  Frances (D:14)
  3 sphinxes
  Kirke (Lair:4)
  Donald (Crypt:2)
  14 storm dragons
  Roxanne (Shoals:1)
  6 nagarajas (Depths:4)
  10 shadow dragons
  10 draconian monks
  9 fire giants
  12 deep elf sorcerers
  2 draconian knights
  11 vault wardens
  5 iron dragons
  3 ghost moths
  4 draconian scorchers
  8 emperor scorpions
  9 frost giants
  4 draconian shifters
  A balrug (Depths:4)
  A deep elf elementalist (Vaults:5)
  11 ironheart preservers
  3 war gargoyles
  6 ghouls (Crypt:3)
  A curse skull (Crypt:1)
  15 very ugly things
  4 draconian annihilators
  2 draconian stormcallers (Zot:2)
  2 juggernaut skeletons (Crypt:2)
  16 stone giants
  18 vampire knights
  10 entropy weavers
  5 deep elf demonologists
  8 green draconians
  Nessos (D:15)
  18 red draconians
  11 white draconians
  Azrael (D:13)
  16 yellow draconians
  14 black draconians
  4 purple draconians
  2 large abominations
  9 deep elf annihilators (Elf:3)
  7 spark wasps
  4 eidola
  7 merfolk javelineers
  16 deep elf death magi
  14 ettins
  A quicksilver dragon zombie (Crypt:3)
  24 jiangshi
  8 merfolk impalers
  2 spectral golden dragons (Crypt:3)
  30 vault guards
  6 great orbs of eyes
  21 yaktaur captains
  A great orb of eyes (shapeshifter) (Depths:2)
  7 fire dragons
  16 hydras
  11 rakshasas
  7 deep elf high priests
  Erolcha (Orc:1)
  12 ice dragons
  4 naga warriors (Depths:4)
  4 catoblepae
  4 spriggan air magi
  2 merfolk aquamancers
  Erica (Orc:1)
  A quicksilver dragon skeleton (Crypt:1)
  2 merfolk avatars
  An anaconda (Depths:4)
  22 dancing weapons
  A satyr (Shoals:4)
  14 ogre magi
  An alligator (shapeshifter) (Vaults:3)
  An alligator (Lair:6)
  7 centaur warriors
  2 deep troll earth magi (Vaults:3)
  8 death scarabs (Spider:4)
  5 deep troll shamans
  8 tengu warriors
  7 death knights
  2 orc high priests
  A titan zombie (Crypt:1)
  50 two-headed ogres
  4 death yaks
  Urug (Lair:3)
  3 spriggan berserkers
  8 vampire magi
  2 hell knights
  6 soul eaters
  2 sun demons (Depths:4)
  5 iron trolls
  28 deep elf knights
  Nergalle (Lair:1)
  A fire crab (shapeshifter) (Vaults:1)
  Sonja (Lair:4)
  A spectral emperor scorpion (Spider:4)
  29 skeletal warriors
  8 shadow wraiths
  A salamander mystic (Depths:2)
  A death drake (shapeshifter) (Depths:2)
  8 flayed ghosts
  6 glowing orange brains
  5 deep trolls
  7 wizards
  3 unseen horrors
  4 orange crystal statues
  A lindwurm (shapeshifter) (Depths:4)
  6 sea snakes
  3 death drakes (Depths:3)
  14 deep elf archers
  A glowing orange brain (shapeshifter) (Vaults:5)
  16 ironbrand convokers
  An obsidian statue (Elf:3)
  6 spectral wolf spiders (Spider:4)
  4 harpies (Shoals:1)
  A golden dragon skeleton (Crypt:2)
  3 lindwurms
  A sphinx zombie (Vaults:3)
  A harpy (shapeshifter) (Depths:3)
  21 orb spiders
  11 orc knights
  29 ugly things
  2 wolf spider zombies (Spider:4)
  4 necromancers
  9 phantasmal warriors
  3 salamanders (Depths:2)
  3 orc sorcerers
  40 wolf spiders
  A fire giant zombie (Crypt:1)
  10 fauns
  7 cyclopes
  4 oklob plants
  51 deep elf magi
  7 manticores
  A mana viper (Depths:3)
  The ghost of NoAnimeNoLife the Basher, a novice DsFi of Hepliaklqana (D:5)
  The ghost of CODWOMAN the Conjurer, a novice DsIE (D:7)
  17 moths of wrath
  6 elephants
  A moth of wrath (shapeshifter) (Elf:3)
  An iron dragon skeleton (Crypt:1)
  9 merfolk sirens
  A guardian serpent (shapeshifter) (Vaults:1)
  A human skeleton (Vaults:3)
  2 naga magi
  A torpor snail (shapeshifter) (Vaults:4)
  5 water nymphs
  An elephant (shapeshifter) (Vaults:4)
  14 black mambas
  17 vault sentinels
  8 torpor snails
  A gargoyle (D:11)
  3 guardian serpents (Depths:4)
  11 spiny frogs
  6 small abominations
  2 rime drakes
  2 spectral merfolk (Depths:3)
  A swamp worm zombie (Crypt:2)
  An anaconda simulacrum (Depths:3)
  5 spectral redbacks (Spider:4)
  A black draconian zombie (Crypt:1)
  19 demonic crawlers
  A redback zombie (Spider:4)
  A rime drake (shapeshifter) (Vaults:3)
  A komodo dragon (shapeshifter) (Depths:1)
  51 yaktaurs
  6 komodo dragons
  5 freezing wraiths
  A hellwing (Depths:2)
  2 red devils (Depths:2)
  11 polar bears
  4 spectral jumping spiders (Spider:4)
  2 tengu conjurers (Depths:2)
  38 jumping spiders
  4 tyrant leeches (Lair:6)
  7 trolls
  A merfolk (shapeshifter) (Vaults:4)
  18 hornets
  4 raiju
  A blink frog (shapeshifter) (Vaults:1)
  4 wind drakes
  3 bog bodies (Crypt:3)
  A harpy zombie (D:14)
  52 merfolk
  7 meliai
  2 tarantella zombies (Spider:4)
  31 blink frogs
  4 jumping spider zombies (Spider:4)
  2 spectral tarantellas (Spider:4)
  2 fire dragon zombies (Crypt:2)
  A guardian serpent zombie (Crypt:1)
  A raiju (shapeshifter) (Depths:5)
  10 hippogriffs
  12 snapping turtles
  26 slime creatures
  3 dream sheep
  5 air elementals
  A tarantella (shapeshifter) (Vaults:1)
  5 vampires
  A spriggan (shapeshifter) (D:13)
  57 redbacks
  45 yaks
  12 shadows
  58 flying skulls (Crypt:3)
  A yak (shapeshifter) (Vaults:3)
  15 wraiths
  A wyvern (shapeshifter) (Vaults:3)
  8 water elementals
  7 wyverns
  25 tarantellas
  4 fire elementals (D:13)
  A human (shapeshifter) (Depths:5)
  2 basilisks
  6 hogs (Lair:4)
  Eustachio (D:5)
  4 hungry ghosts
  A steam dragon (D:12)
  A basilisk (shapeshifter) (Elf:1)
  6 vampire mosquitoes
  15 wargs
  Menkaure (D:6)
  A naga (shapeshifter) (Vaults:4)
  11 nagas (Depths:4)
  A soldier ant (D:11)
  A soldier ant (shapeshifter) (Vaults:2)
  4 acid dragons
  A hydra simulacrum (Depths:3)
  21 hell hounds
  A floating eye (shapeshifter) (Depths:2)
  2 spectral spriggans (Depths:3)
  2 spectral hornets (Spider:4)
  18 water moccasins
  3 snapping turtle zombies
  A floating eye (Depths:3)
  9 porcupines
  12 black bears
  14 ice beasts
  4 sky beasts
  46 orc warriors
  2 eyes of draining
  2 human zombies (Vaults:3)
  4 phantoms
  9 necrophages
  11 boggarts
  42 ogres
  31 wolves
  2 ettin simulacra
  An eye of draining (shapeshifter) (Vaults:1)
  A manticore skeleton (Crypt:1)
  17 crocodiles
  17 centaurs
  3 big kobolds (D:8)
  26 bullfrogs
  A wyvern zombie (Crypt:1)
  A human simulacrum (Vaults:2)
  A merfolk simulacrum (Depths:3)
  A water moccasin zombie (D:10)
  3 wyvern skeletons
  7 earth elementals
  A hippogriff skeleton (Crypt:2)
  7 scorpions
  A water moccasin skeleton (D:7)
  A troll skeleton (Crypt:2)
  An elf simulacrum (Vaults:4)
  4 orc simulacra
  3 spectral nagas (Depths:3)
  4 spectral ogres (Depths:3)
  5 howler monkeys
  A wight (Depths:3)
  4 spectral centaurs (Depths:3)
  An electric eel (Lair:1)
  14 crimson imps
  A centaur zombie (D:5)
  2 lava snakes (D:13)
  2 quasits
  8 hounds
  11 orc priests
  21 jellies
  2 bullfrog skeletons
  6 centaur skeletons
  17 orc wizards
  5 iguanas
  12 worker ants
  A spriggan simulacrum (Depths:3)
  A porcupine skeleton (Crypt:2)
  2 centaur simulacra
  A felid zombie (Crypt:2)
  A deep dwarf zombie (Crypt:2)
  A hound zombie (D:10)
  A hound skeleton (D:4)
  A worker ant zombie (D:6)
  A howler monkey zombie (Crypt:1)
  3 gnolls (Orc:1)
  18 adders
  6 shadow imps
  4 oozes
  A halfling zombie (Crypt:2)
  An adder skeleton (D:4)
  A worm (D:2)
  10 leopard geckos
  108 orcs
  4 giant cockroaches
  8 goblins
  4 hobgoblins (D:2)
  13 jackals
  3 quokkas
  6 ball pythons
  7 bats
  3 frilled lizards
  A goblin skeleton (Crypt:1)
  5 kobolds
  A leopard gecko skeleton (D:4)
  A leopard gecko zombie (D:7)
  5 rats
  A crawling corpse (Vaults:5)
  2 plants (D:11)
2581 creatures vanquished.

Vanquished Creatures (collateral kills)
  A draconian knight (Zot:1)
  A draconian shifter (Zot:1)
  An ironheart preserver (Vaults:5)
  A white draconian (Zot:3)
  A hydra (D:7)
  A deep elf knight (Elf:3)
  2 deep elf archers (Vaults:5)
  2 deep elf magi
  Grum (D:9)
  A jelly (Zot:2)
12 creatures vanquished.

Vanquished Creatures (others)
  A war gargoyle (Vaults:5)
  A deep elf knight (Elf:3)
  A merfolk siren (Shoals:3)
  A merfolk (Shoals:3)
  An adder (D:3)
  25 fungi
  62 plants
92 creatures vanquished.

Grand Total: 2685 creatures vanquished

Notes
Turn   | Place    | Note
-------+----------+-------------------------------------------
     0 | D:1      | mike2R the Minotaur Fighter began the quest for the Orb.
     0 | D:1      | Reached XP level 1. HP: 19/19 MP: 0/0
   636 | D:1      | Reached XP level 2. HP: 25/26 MP: 1/1
  1067 | D:2      | Found a faded altar of an unknown god.
  1172 | D:2      | Reached XP level 3. HP: 25/31 MP: 2/2
  1386 | D:2      | Found a burning altar of Makhleb.
  1659 | D:2      | Reached skill level 5 in Maces & Flails
  2133 | D:3      | Reached XP level 4. HP: 37/39 MP: 3/3
  2287 | D:3      | Found a shattered altar of Ashenzari.
  2287 | D:3      | Found a hide-covered altar of Uskayaw.
  2358 | D:3      | Noticed a centaur
  2368 | D:3      | Killed a centaur
  2368 | D:3      | Reached XP level 5. HP: 22/45 MP: 4/4
  2661 | D:3      | Found a sparkling altar of Nemelex Xobeh.
  2892 | D:4      | Reached skill level 1 in Bows
  3170 | D:4      | Found an ancient bone altar of Kikubaaqudgha.
  3253 | D:4      | Noticed an ogre
  3259 | D:4      | Killed an ogre
  3259 | D:4      | Reached XP level 6. HP: 51/51 MP: 5/5
  3884 | D:4      | Reached XP level 7. HP: 57/57 MP: 6/6
  4026 | D:5      | Entered Level 5 of the Dungeon
  4035 | D:5      | Noticed NoAnimeNoLife's ghost (novice DsFi)
  4043 | D:4      | Reached skill level 1 in Evocations
  4279 | D:5      | Killed NoAnimeNoLife's ghost
  4279 | D:5      | Reached skill level 5 in Evocations
  4279 | D:5      | Reached XP level 8. HP: 59/64 MP: 8/10
  4482 | D:5      | Found a staircase to the Ecumenical Temple.
  4489 | Temple   | Entered the Ecumenical Temple
  4504 | Temple   | Became a worshipper of Warmaster Okawaru
  4817 | D:5      | Reached skill level 10 in Maces & Flails
  4951 | D:5      | Noticed Eustachio
  4955 | D:5      | Killed Eustachio
  5010 | D:5      | Reached * piety under Okawaru
  5143 | D:5      | Reached XP level 9. HP: 67/70 MP: 11/11
  5417 | D:6      | Found Ohiehoex's Gadget Boutique.
  5452 | D:6      | Bought a sack of spiders for 300 gold pieces
  5614 | D:6      | Found a deep blue altar of Sif Muna.
  5615 | D:6      | Found a glowing golden altar of the Shining One.
  5784 | D:6      | Noticed Menkaure
  5795 | D:6      | Killed Menkaure
  6172 | D:6      | Reached ** piety under Okawaru
  6549 | D:7      | Noticed an eight-headed hydra
  6557 | D:7      | Killed an eight-headed hydra
  7030 | D:7      | Reached skill level 4 in Fighting
  7102 | D:7      | Found a sparkling altar of Nemelex Xobeh.
  7103 | D:7      | Found an opulent altar of Gozag.
  7252 | D:7      | Found a basalt altar of Yredelemnul.
  7256 | D:7      | Noticed CODWOMAN's ghost (novice DsIE)
  7266 | D:7      | Reached skill level 5 in Fighting
  7266 | D:7      | Reached XP level 10. HP: 72/81 MP: 12/12
  7293 | D:7      | HP: 1/81 [CODWOMAN's ghost/Freeze (7)]
  7737 | D:7      | Killed CODWOMAN's ghost
  7737 | D:7      | Reached *** piety under Okawaru
  7737 | D:7      | Reached skill level 6 in Fighting
  7748 | D:7      | Found a shadowy altar of Dithmenos.
  8421 | D:7      | Reached skill level 1 in Invocations
  8565 | D:8      | Found a glowing golden altar of the Shining One.
  8697 | D:8      | Found a sacrificial altar of Ru.
  8769 | D:8      | Reached **** piety under Okawaru
  8782 | D:8      | Reached skill level 5 in Invocations
  9006 | D:8      | Noticed a two-headed hydra
  9016 | D:8      | Killed a two-headed hydra
  9026 | D:8      | Reached ***** piety under Okawaru
  9219 | D:8      | Found a glowing silver altar of Zin.
  9228 | D:8      | Noticed a two-headed ogre
  9234 | D:8      | Killed a two-headed ogre
  9234 | D:8      | Reached skill level 5 in Bows
  9622 | D:9      | Found Taruepea's Weapon Shoppe.
  9787 | D:9      | Received a gift from Okawaru
  9877 | D:9      | Reached XP level 11. HP: 91/91 MP: 15/15
  9917 | D:9      | Noticed Grum
  9935 | D:9      | Killed Grum
 10862 | D:9      | Gained mutation: You have a pair of large horns on your head. [mutagenic meat]
 10863 | D:9      | Gained mutation: Your spells are a little easier to cast, but a little less powerful. [mutagenic meat]
 10864 | D:9      | Gained mutation: Your flesh is cold resistant. (rC+) [mutagenic meat]
 10865 | D:9      | Gained mutation: You are dopey. (Int -2) [mutagenic meat]
 10866 | D:9      | Lost mutation: You have a pair of large horns on your head. [potion of mutation]
 10866 | D:9      | Lost mutation: You are dopey. (Int -2) [potion of mutation]
 10866 | D:9      | Lost mutation: Your flesh is cold resistant. (rC+) [potion of mutation]
 10866 | D:9      | Gained mutation: Your flesh is heat resistant. (rF+) [potion of mutation]
 10866 | D:9      | Lost mutation: Your spells are a little easier to cast, but a little less powerful. [potion of mutation]
 10866 | D:9      | Gained mutation: You have sharp toenails. [potion of mutation]
 11107 | D:10     | Entered Level 10 of the Dungeon
 11233 | D:10     | Reached skill level 5 in Armour
 12197 | D:11     | Found a staircase to the Orcish Mines.
 12288 | D:11     | Noticed a white ugly thing
 12300 | D:11     | Killed a white ugly thing
 12711 | D:11     | Received a gift from Okawaru
 12899 | D:11     | Noticed Gastronok
 12957 | D:11     | Killed Gastronok
 12957 | D:11     | Received a gift from Okawaru
 12957 | D:11     | Reached skill level 10 in Armour
 13244 | D:11     | Noticed an oklob plant
 13246 | D:11     | Found a staircase to the Lair.
 13703 | D:11     | Reached XP level 12. HP: 74/97 MP: 16/16
 13976 | D:11     | Reached skill level 7 in Fighting
 14297 | Lair:1   | Entered Level 1 of the Lair of Beasts
 14366 | Lair:1   | Reached ****** piety under Okawaru
 14457 | Lair:1   | Received a gift from Okawaru
 14457 | Lair:1   | Reached skill level 8 in Fighting
 14462 | Lair:1   | Got a heavily runed scarf {god gift}
 14473 | Lair:1   | Identified the scarf of Fets {Int+2} (Okawaru gifted it to you on level 1 of the Lair of Beasts)
 14522 | Lair:1   | Found a labyrinth entrance.
 14605 | Lair:1   | Reached skill level 9 in Fighting
 14651 | Lair:1   | Reached skill level 10 in Fighting
 14662 | Lair:1   | Noticed a five-headed hydra
 14675 | D:11     | Killed a five-headed hydra
 14883 | Lair:1   | Reached skill level 11 in Fighting
 15107 | Lair:1   | Noticed Nergalle
 15116 | Lair:1   | Killed Nergalle
 15246 | Lair:1   | Learned a level 1 spell: Summon Butterflies
 15505 | Lair:2   | Found a hole to the Spider Nest.
 15527 | Lair:2   | Noticed an eight-headed hydra
 15532 | Lair:2   | Killed an eight-headed hydra
 15600 | Lair:2   | Found a staircase to the Shoals.
 16248 | Lair:3   | Received a gift from Okawaru
 16680 | Lair:3   | Reached skill level 15 in Maces & Flails
 16680 | Lair:3   | Reached XP level 13. HP: 116/116 MP: 17/17
 16681 | Lair:3   | Noticed Urug
 16702 | Lair:3   | Killed Urug
 17291 | Lair:4   | Noticed Sonja
 17305 | Lair:4   | Killed Sonja
 17305 | Lair:4   | Received a gift from Okawaru
 17470 | Lair:4   | Noticed Kirke
 17605 | Lair:4   | Killed Kirke
 18324 | Lair:5   | Received a gift from Okawaru
 18599 | Lair:5   | Received a gift from Okawaru
 19406 | Lair:6   | Entered Level 6 of the Lair of Beasts
 20565 | Lair:6   | Found a staircase to the Slime Pits.
 20624 | Lair:6   | Received a gift from Okawaru
 20793 | Lair:6   | Reached XP level 14. HP: 112/124 MP: 18/18
 21252 | Lair:6   | Reached skill level 10 in Bows
 21361 | Lair:6   | Received a gift from Okawaru
 21614 | Lair:6   | Received a gift from Okawaru
 21697 | Lair:6   | Received a gift from Okawaru
 22415 | Lair:6   | Reached skill level 12 in Fighting
 22584 | Lair:6   | Reached skill level 13 in Fighting
 23190 | Lair:6   | Found a runed door.
 23213 | Lair:6   | Reached skill level 14 in Fighting
 23699 | Orc:1    | Entered Level 1 of the Orcish Mines
 23699 | Orc:1    | Noticed Erolcha
 23699 | Orc:1    | Noticed a stone giant
 23704 | Orc:1    | Killed Erolcha
 23720 | Orc:1    | Killed a stone giant
 23720 | Orc:1    | Received a gift from Okawaru
 23720 | Orc:1    | Reached skill level 15 in Fighting
 23724 | Orc:1    | Got a faintly glowing quarterstaff {god gift}
 24016 | Orc:1    | Found a radiant altar of Vehumet.
 24229 | Orc:2    | Entered Level 2 of the Orcish Mines
 24300 | Orc:2    | Identified the +9 quarterstaff of a labyrinth {venom, +Rage rF+ MR+ SInv} (Okawaru gifted it to you on level 1 of the Orcish Mines)
 24323 | Orc:2    | Found a staircase to the Elven Halls.
 24414 | Orc:2    | Found a roughly hewn altar of Beogh.
 24482 | Orc:2    | Reached skill level 1 in Summonings
 24842 | Orc:2    | Reached XP level 15. HP: 53/141 MP: 16/19
 25167 | Orc:2    | Found Tiaty's Jewellery Shop.
 25167 | Orc:2    | Found Ofadd's Antique Armour Emporium.
 25170 | Orc:2    | Found Mearoni's Food Shoppe.
 25172 | Orc:2    | Found Ynteusch's General Store.
 25177 | Orc:2    | Bought a scroll of identify for 24 gold pieces
 25187 | Orc:2    | Bought a scroll of teleportation for 36 gold pieces
 25189 | Orc:2    | Bought an uncursed ring of protection from magic for 325 gold pieces
 25189 | Orc:2    | Bought the amulet of Jeluh {rElec rPois Regen+ Str-2 Dex+4} for 681 gold pieces
 25194 | Orc:2    | Bought a pair of embroidered boots for 225 gold pieces
 25496 | Orc:1    | Noticed Erica
 25515 | Orc:1    | Killed Erica
 26470 | D:12     | Reached skill level 5 in Summonings
 26528 | D:12     | Received a gift from Okawaru
 26572 | D:12     | Got a bloodstained great sword
 26573 | D:12     | Identified the cursed +1 great sword of Onoturi {protect, *Slow +Inv rPois} (You found it on level 12 of the Dungeon)
 26698 | D:12     | Got a transparent buckler
 26939 | D:13     | Found Jiduufirig's Magic Scroll Shoppe.
 26945 | D:13     | Bought a scroll of acquirement for 780 gold pieces
 26949 | D:13     | Got a twisted great mace
 26950 | D:13     | Identified the +11 great mace "Dethih" {crush, rN+} (You acquired it on level 13 of the Dungeon)
 26972 | D:13     | Found Katzawic's Armour Shoppe.
 27040 | D:13     | Found Soanuh's Magic Scroll Shoppe.
 27326 | D:13     | Found a gate to the Vaults.
 27443 | D:13     | Received a gift from Okawaru
 27494 | D:13     | Found Giffeb's Antique Armour Emporium.
 27499 | D:13     | Noticed Azrael
 27513 | D:13     | Killed Azrael
 27583 | D:13     | Found Laesch's General Store.
 27972 | D:14     | Received a gift from Okawaru
 28262 | D:14     | Noticed Frances
 28271 | D:14     | Killed Frances
 28295 | D:14     | Received a gift from Okawaru
 28668 | D:14     | Received a gift from Okawaru
 28988 | Lair:1   | Identified the +0 buckler of Hyathrepp {rF++ rCorr Int+4 Dex-3} (You found it on level 12 of the Dungeon)
 29384 | D:15     | Entered Level 15 of the Dungeon
 29541 | D:15     | Noticed Nessos
 29547 | D:15     | Killed Nessos
 29776 | D:15     | Received a gift from Okawaru
 29791 | D:15     | Found a staircase to the Depths.
 30096 | Spider:1 | Entered Level 1 of the Spider Nest
 30124 | Spider:1 | Noticed Rupert
 30151 | Lair:2   | Killed Rupert
 30151 | Lair:2   | Reached XP level 16. HP: 41/149 MP: 18/20
 30383 | Spider:1 | Noticed Nikola
 30408 | Spider:1 | Killed Nikola
 30408 | Spider:1 | Received a gift from Okawaru
 30627 | Spider:1 | Received a gift from Okawaru
 31503 | Spider:2 | Received a gift from Okawaru
 31506 | Spider:2 | Got an ancient chain mail {god gift}
 31517 | Spider:2 | Identified the +7 chain mail of Joy {Str+7 Dex-3 Stlth+} (Okawaru gifted it to you on level 2 of the Spider Nest)
 31546 | Spider:2 | Reached skill level 10 in Evocations
 33404 | Spider:3 | Reached XP level 17. HP: 156/156 MP: 25/25
 33750 | Spider:4 | Entered Level 4 of the Spider Nest
 33825 | Spider:4 | Received a gift from Okawaru
 34205 | Spider:4 | Noticed Arachne
 34456 | Spider:4 | Killed Arachne
 34719 | Spider:4 | Reached skill level 15 in Bows
 35204 | Spider:4 | Received a gift from Okawaru
 35217 | Spider:4 | Got a pair of bloodstained boots {god gift}
 35230 | Spider:4 | Identified the +2 pair of boots "Edacsod" {Int+4 Stlth+} (Okawaru gifted it to you on level 4 of the Spider Nest)
 35889 | Spider:4 | Got a gossamer rune of Zot
 36389 | Lair:1   | Learned a level 1 spell: Apportation
 36393 | Lair:1   | Learned a level 3 spell: Lesser Beckoning
 36425 | Shoals:1 | Entered Level 1 of the Shoals
 36442 | Shoals:1 | Reached XP level 18. HP: 158/163 MP: 26/26
 36444 | Shoals:1 | Reached skill level 1 in Translocations
 36580 | Shoals:1 | Noticed Roxanne
 36593 | Shoals:1 | Killed Roxanne
 36796 | Shoals:1 | Received a gift from Okawaru
 36901 | Shoals:1 | Found an opulent altar of Gozag.
 37579 | Shoals:2 | Noticed Polyphemus
 37693 | Shoals:2 | Killed Polyphemus
 37823 | Shoals:2 | Reached skill level 5 in Translocations
 38753 | Shoals:3 | Found Aniyzxeh's Magic Scroll Emporium.
 39180 | Shoals:3 | Bought a scroll of silence for 105 gold pieces
 39318 | Shoals:3 | Found Fyal's Jewellery Emporium.
 39327 | Shoals:3 | Bought an uncursed ring of see invisible for 270 gold pieces
 39719 | Shoals:3 | Found Ythi Ryc's Jewellery Emporium.
 39729 | Shoals:3 | Bought an uncursed ring of protection from cold for 325 gold pieces
 39772 | Shoals:3 | Found Emynnuli's Food Shop.
 39878 | Shoals:4 | Entered Level 4 of the Shoals
 39912 | Shoals:4 | Received a gift from Okawaru
 39912 | Shoals:4 | Reached skill level 16 in Fighting
 39956 | Shoals:4 | Received a gift from Okawaru
 40118 | Shoals:4 | Got a barnacled rune of Zot
 40197 | Shoals:4 | Reached skill level 17 in Fighting
 40543 | Shoals:4 | Noticed Ilsuiw
 40833 | Shoals:1 | Reached skill level 18 in Fighting
 40888 | Lair:1   | Learned a level 3 spell: Gell's Gravitas
 41034 | Vaults:1 | Entered Level 1 of the Vaults
 41178 | Vaults:1 | Reached XP level 19. HP: 181/181 MP: 22/27
 41193 | Vaults:1 | Received a gift from Okawaru
 41193 | Vaults:1 | Reached skill level 19 in Fighting
 42031 | Vaults:1 | Reached skill level 20 in Fighting
 42738 | Vaults:2 | Noticed Jory
 42757 | Vaults:2 | Killed Jory
 43048 | Vaults:2 | Received a gift from Okawaru
 43072 | Vaults:2 | Reached skill level 21 in Fighting
 43454 | Vaults:2 | Found Cunt's Distillery.
 43460 | Vaults:2 | Bought a potion of heal wounds for 75 gold pieces
 43460 | Vaults:2 | Bought a potion of cancellation for 120 gold pieces
 43460 | Vaults:2 | Bought 2 potions of heal wounds for 150 gold pieces
 43564 | Vaults:2 | Received a gift from Okawaru
 44324 | Vaults:3 | Reached skill level 1 in Dodging
 44497 | Vaults:3 | Found Wianweil's Armour Shoppe.
 44608 | Vaults:3 | Found a staircase to the Crypt.
 44766 | Vaults:3 | Reached skill level 5 in Dodging
 44766 | Vaults:3 | Reached XP level 20. HP: 151/198 MP: 28/28
 44780 | Vaults:3 | Gained mutation: Scrolls take you a little longer to read. [mutagenic meat]
 44781 | Vaults:3 | Gained mutation: Your mind is acute. (Int +2) [mutagenic meat]
 44782 | Vaults:3 | Gained mutation: Your magical capacity is low. (-10% MP) [mutagenic meat]
 44783 | Vaults:3 | Gained mutation: Your flesh is very heat resistant. (rF++) [mutagenic meat]
 44787 | Vaults:3 | Gained mutation: Your magical capacity is very low. (-20% MP) [mutagenic meat]
 44789 | Vaults:3 | Gained mutation: You are agile. (Dex +2) [mutagenic meat]
 44791 | Vaults:3 | Gained mutation: You are surrounded by a mild repulsion field. (EV +2) [mutagenic meat]
 44793 | Vaults:3 | Lost mutation: Your mind is acute. (Int +2) [mutagenic meat]
 45567 | Vaults:4 | Received a gift from Okawaru
 45837 | Vaults:4 | Received a gift from Okawaru
 46069 | Vaults:4 | Got a shimmering buckler
 46919 | Vaults:4 | Received a gift from Okawaru
 47769 | Lair:1   | Identified the +2 buckler of the Comet {rN+} (You acquired it on level 4 of the Vaults)
 48006 | Depths:1 | Entered Level 1 of the Depths
 48238 | Depths:1 | Found a gateway to Hell.
 48608 | Depths:1 | Reached XP level 21. HP: 205/205 MP: 12/23
 48694 | Depths:1 | Noticed Mara
 48708 | Depths:1 | Noticed mike2R's illusion
 48717 | Depths:1 | Killed Mara
 48791 | Depths:1 | Found a radiant altar of Vehumet.
 48936 | Depths:1 | Received a gift from Okawaru
 48976 | Depths:1 | Reached skill level 10 in Translocations
 48996 | Depths:1 | Received a gift from Okawaru
 49133 | Depths:1 | Found a one-way gate to the infinite horrors of the Abyss.
 49142 | Depths:1 | Found a gateway to a ziggurat.
 49875 | Depths:2 | Found a runed door.
 49903 | Depths:2 | Received a gift from Okawaru
 50378 | Depths:2 | Identified the Incunabulum of Cankerous Summoning
 50392 | Depths:2 | Learned a level 2 spell: Blink
 50404 | Depths:2 | Got a bloodstained longbow
 50405 | Depths:2 | Identified the +5 longbow "Gaonir" {speed, rElec Str+4 Stlth-} (You found it on level 2 of the Depths)
 50421 | Depths:2 | Identified a +1 pair of boots of running (You found it on level 2 of the Depths)
 50856 | Depths:2 | Received a gift from Okawaru
 52651 | Depths:3 | Reached XP level 22. HP: 125/212 MP: 23/23
 53256 | Depths:3 | Found a one-way gate leading to the halls of Pandemonium.
 53301 | Depths:3 | Paralysed by a lich for 7 turns
 53428 | Depths:3 | Noticed an ancient lich
 53433 | Depths:3 | Paralysed by an ancient lich for 6 turns
 53440 | Depths:3 | Killed an ancient lich
 53575 | Depths:3 | Received a gift from Okawaru
 53579 | Depths:3 | Got a pair of polished boots {god gift}
 53590 | Depths:3 | Identified the +0 pair of boots "Nuteymn" {Int+3} (Okawaru gifted it to you on level 3 of the Depths)
 53626 | Depths:3 | Got a crude cloak
 53637 | Depths:3 | Identified the +2 cloak of the Unbroken {rElec} (You found it on level 3 of the Depths)
 53924 | Depths:3 | Got a polished flail
 53925 | Depths:3 | Identified the +9 flail of Ypnesmoh {crush, +Rage MP+9 Int+4 SInv} (You found it on level 3 of the Depths)
 53933 | Depths:3 | Reached XP level 23. HP: 220/220 MP: 24/24
 54103 | Depths:4 | Reached skill level 15 in Armour
 54478 | Depths:4 | Got a crystal flail
 54479 | Depths:4 | Identified the +1 flail of the Warrior-Mage {venom, rC+++ MR+ Str+8 Dex-4} (You found it on level 4 of the Depths)
 54921 | Depths:4 | Noticed a caustic shrike
 54921 | Depths:4 | Noticed a juggernaut
 54927 | Depths:4 | Killed a caustic shrike
 54939 | Depths:4 | Killed a juggernaut
 56180 | Depths:5 | Entered Level 5 of the Depths
 56889 | Depths:5 | Noticed a juggernaut
 56910 | Depths:5 | Killed a juggernaut
 56951 | Depths:5 | Received a gift from Okawaru
 57050 | Depths:5 | Reached XP level 24. HP: 193/228 MP: 24/24
 57125 | Depths:5 | Noticed a juggernaut
 57135 | Depths:5 | Killed a juggernaut
 57245 | Depths:5 | Received a gift from Okawaru
 57595 | Depths:5 | Found a gate to the Realm of Zot.
 58077 | Elf:1    | Entered Level 1 of the Elven Halls
 58133 | Elf:1    | Received a gift from Okawaru
 58444 | Elf:1    | Found a radiant altar of Vehumet.
 58727 | Elf:2    | Found Xievejan's Jewellery Boutique.
 58733 | Elf:2    | Bought the ring of the Mage {Wiz MR++ Int+3} for 878 gold pieces
 58894 | Elf:2    | Found a runed gate.
 58896 | Elf:2    | Found a runed gate.
 58943 | Elf:2    | Found a runed gate.
 59543 | Elf:3    | Entered Level 3 of the Elven Halls
 60021 | Elf:3    | Identified the Collected Works on the Fetching Voyage
 60311 | Elf:3    | Received a gift from Okawaru
 60607 | Elf:3    | Reached skill level 10 in Dodging
 60894 | Elf:3    | Got a pair of ancient gloves
 60905 | Elf:3    | Identified the +2 pair of gloves "Imuib" {rF+ rCorr} (You found it on level 3 of the Elven Halls)
 60917 | Elf:3    | Identified the Tome of the Destructive Compass
 60922 | Elf:3    | Learned a level 3 spell: Teleport Other
 60925 | Elf:3    | Learned a level 2 spell: Shroud of Golubria
 61300 | Elf:3    | Got a pair of slimy boots
 61311 | Elf:3    | Identified the +4 pair of boots of Surprise {+Inv Int+2} (You found it on level 3 of the Elven Halls)
 62087 | Elf:3    | Reached XP level 25. HP: 236/236 MP: 24/24
 62665 | Vaults:3 | Received a gift from Okawaru
 62794 | Crypt:1  | Entered Level 1 of the Crypt
 63220 | Crypt:1  | Received a gift from Okawaru
 63282 | Crypt:1  | Reached skill level 22 in Fighting
 63799 | Crypt:2  | Noticed Donald
 63816 | Crypt:2  | Killed Donald
 64451 | Crypt:2  | Reached skill level 23 in Fighting
 64565 | Crypt:3  | Entered Level 3 of the Crypt
 64783 | Crypt:3  | Found an ancient bone altar of Kikubaaqudgha.
 64810 | Crypt:3  | Received a gift from Okawaru
 64969 | Crypt:3  | Received a gift from Okawaru
 65179 | Crypt:3  | Reached skill level 24 in Fighting
 65194 | Crypt:3  | Received a gift from Okawaru
 65370 | Crypt:3  | Received a gift from Okawaru
 65512 | Crypt:3  | Found a staircase to the Tomb.
 65544 | Crypt:3  | Learned a level 5 spell: Aura of Abjuration
 65571 | Crypt:3  | Received a gift from Okawaru
 65744 | Crypt:3  | Reached skill level 10 in Summonings
 66844 | Vaults:5 | Entered Level 5 of the Vaults
 66855 | Vaults:5 | Got a silver rune of Zot
 66870 | Vaults:5 | Reached XP level 26. HP: 250/256 MP: 18/24
 66875 | Vaults:5 | Noticed Mennas
 66900 | Vaults:5 | Killed Mennas
 66929 | Vaults:5 | Received a gift from Okawaru
 67807 | Zot:1    | Entered Level 1 of the Realm of Zot
 67890 | Zot:1    | Received a gift from Okawaru
 67997 | Zot:1    | Received a gift from Okawaru
 68062 | Zot:1    | Noticed an orb of fire
 68075 | Zot:1    | Killed an orb of fire
 68490 | Lair:1   | Learned a level 5 spell: Summon Forest
 68521 | Lair:1   | Learned a level 5 spell: Summon Demon
 68982 | Zot:1    | Reached skill level 15 in Summonings
 69141 | Zot:1    | Reached XP level 27. HP: 85/264 MP: 13/24
 69531 | Zot:1    | Reached skill level 10 in Invocations
 70322 | Zot:2    | Reached skill level 1 in Spellcasting
 70432 | Zot:2    | Learned a level 3 spell: Summon Guardian Golem
 70514 | Zot:2    | Reached skill level 1 in Stealth
 70651 | Zot:2    | Received a gift from Okawaru
 70663 | Zot:2    | Got a warped great mace {god gift}
 70664 | Zot:2    | Identified the +3 great mace of Qompion {pain, rC+ Str+2 Dex+7 Stlth+} (Okawaru gifted it to you on level 2 of the Realm of Zot)
 70995 | Zot:2    | Reached skill level 5 in Stealth
 71743 | Zot:2    | Received a gift from Okawaru
 72677 | Zot:2    | Reached skill level 25 in Fighting
 72923 | Zot:2    | Received a gift from Okawaru
 73155 | Zot:2    | Received a gift from Okawaru
 73658 | Zot:3    | Reached skill level 26 in Fighting
 74248 | Zot:3    | Noticed an orb of fire
 74267 | Zot:3    | Gained mutation: You are weak. (Str -2) [an orb of fire]
 74270 | Zot:3    | Gained mutation: You are frail. (-10% HP) [an orb of fire]
 74271 | Zot:3    | Gained mutation: Your movements are slightly less encumbered by armour. (ER -2) [an orb of fire]
 74273 | Zot:3    | Killed an orb of fire
 74774 | Zot:5    | Entered Level 5 of the Realm of Zot
 75296 | Zot:5    | Received a gift from Okawaru
 75479 | Zot:5    | Noticed an orb of fire
 75500 | Zot:5    | Killed an orb of fire
 75500 | Zot:5    | Received a gift from Okawaru
 75797 | Zot:5    | Reached skill level 15 in Evocations
 76174 | Zot:5    | Got the Orb of Zot
 76195 | Zot:5    | Noticed an ancient lich
 76210 | Zot:5    | Killed an ancient lich
 76232 | Zot:5    | Noticed an ancient lich
 76245 | Zot:5    | Killed an ancient lich
 76288 | Zot:5    | Noticed Plog the pandemonium lord
 76297 | Zot:5    | Mangled by Plog the pandemonium lord

Skill      XL: |  1  2  3  4  5  6  7  8  9 10 11 12 13 14 15 16 17 18 19 20 21 22 23 24 25 26 27 |
---------------+----------------------------------------------------------------------------------+-----
Maces & Flails | 3 4 5 6 8 11 14 15 18 21 | 21.0
Bows           | 3 4 6 8 11 12 17 19 21 | 21.0
Evocations     | 5 7 12 15 | 15.9
Fighting       | 5 6 11 15 18 21 24 26 | 26.8
Invocations    | 7 9 13 | 13.5
Armour         | 11 14 16 17 | 17.2
Summonings     | 3 5 8 9 10 15 | 15.4
Translocations | 7 9 11 13 | 13.2
Dodging        | 5 9 11 12 | 12.4
Spellcasting   | 2 |  2.2
Stealth        | 5 |  5.4
Shields        | |  3.8

Action                   |  1- 3 |  4- 6 |  7- 9 | 10-12 | 13-15 | 16-18 | 19-21 | 22-24 | 25-27 || total
-------------------------+-------+-------+-------+-------+-------+-------+-------+-------+-------++-------
Melee: Flail             |    29 |       |       |       |       |       |       |       |       ||    29
       Headbutt          |    11 |     9 |    34 |   130 |   235 |   148 |   202 |   171 |   460 ||  1400
       Mace              |    48 |    82 |   224 |   409 |       |       |       |       |       ||   763
       Kick              |       |       |       |    64 |       |       |       |       |       ||    64
       Dire flail        |       |       |       |   173 |   877 |       |       |       |       ||  1050
       Great mace        |       |       |       |    28 |   156 |   650 |   718 |   600 |  1318 ||  3470
       Unarmed           |       |       |       |       |       |       |       |       |    29 ||    29
 Fire: Shortbow          |       |    40 |   138 |   355 |   183 |       |       |       |       ||   716
       Longbow           |       |       |       |       |   485 |   852 |   936 |   947 |  1045 ||  4265
Throw: Javelin           |     9 |       |       |     7 |       |       |       |       |       ||    16
 Cast: Summon Butterflie |       |       |       |     1 |     1 |     2 |     1 |     4 |    12 ||    21
       Lesser Beckoning  |       |       |       |       |       |       |    37 |    34 |    39 ||   110
       Gell's Gravitas   |       |       |       |       |       |       |     3 |       |     2 ||     5
       Apportation       |       |       |       |       |       |       |       |     1 |     1 ||     2
       Blink             |       |       |       |       |       |       |       |     1 |     4 ||     5
       Teleport Other    |       |       |       |       |       |       |       |       |     4 ||     4
       Shroud of Golubri |       |       |       |       |       |       |       |       |     1 ||     1
       Aura of Abjuratio |       |       |       |       |       |       |       |       |     2 ||     2
       Summon Forest     |       |       |       |       |       |       |       |       |     2 ||     2
       Summon Demon      |       |       |       |       |       |       |       |       |     1 ||     1
Invok: Heroism           |       |       |       |    13 |    36 |    26 |    26 |    19 |    19 ||   139
       Finesse           |       |       |       |     3 |    10 |    10 |     5 |     4 |     7 ||    39
Evoke: Wand              |       |       |    14 |    31 |    14 |    32 |    11 |    11 |     5 ||   118
       Sack of spiders   |       |       |     1 |     2 |       |       |       |     1 |     4 ||     8
       Lamp of fire      |       |       |       |       |       |       |       |     1 |     3 ||     4
       Phial of floods   |       |       |       |       |       |       |       |     1 |     2 ||     3
       Lightning rod     |       |       |       |       |       |       |       |       |    24 ||    24
       Box of beasts     |       |       |       |       |       |       |       |       |     2 ||     2
       Fan of gales      |       |       |       |       |       |       |       |       |     1 ||     1
  Use: Potion            |     2 |     1 |     2 |     3 |     5 |     9 |     5 |     5 |    13 ||    45
       Scroll            |       |     9 |     3 |    14 |    14 |    17 |     9 |    11 |    11 ||    88
 Stab: Petrifying        |       |       |       |       |     2 |       |       |       |       ||     2
       Invisible         |       |       |       |       |       |     1 |       |       |       ||     1
       Distracted        |       |       |       |       |       |       |     1 |       |     4 ||     5
  Eat: Chunk             |     4 |     5 |    11 |    35 |    30 |    16 |    45 |    18 |    15 ||   179
       Fruit             |       |       |       |     1 |       |     1 |     1 |       |     1 ||     4
       Bread ration      |       |       |       |       |     2 |     2 |     1 |       |       ||     5
       Meat ration       |       |       |       |       |     1 |       |     1 |     1 |     5 ||     8
       Royal jelly       |       |       |       |       |       |     4 |     1 |     5 |     3 ||    13
Armor: Ring mail         |    29 |    40 |    56 |       |       |       |       |       |       ||   125
       Scale mail        |     3 |       |       |       |       |       |       |       |       ||     3
       Chain mail        |       |       |    37 |   154 |       |   678 |   279 |       |       ||  1148
       Plate armour      |       |       |       |    65 |   617 |    86 |       |       |       ||   768
       Crystal plate arm |       |       |       |       |       |       |    71 |   352 |   786 ||  1209
Dodge: Dodged            |    19 |    37 |    80 |   166 |   278 |   493 |   446 |   344 |   766 ||  2629
       Deflected         |       |       |       |       |       |    49 |    87 |    83 |    38 ||   257
Block: Shield            |    44 |    15 |       |       |       |       |       |       |       ||    59
